 Dungeon Crawl Stone Soup version 0.17-a0-1128-gb802298 (webtiles) character file.

242 Cowinatub the Ducker (level 6, -3/44 HPs)
             Began as a Merfolk Skald on May 24, 2015.
             Slain by Edmund
             ... wielding a +4 flail of protection
              (6 damage)
             ... on level 4 of the Dungeon.
             The game lasted 00:14:00 (4444 turns).

Cowinatub the Ducker (Merfolk Skald)                Turns: 4444, Time: 00:14:01

Health: -3/44      AC:  5    Str: 12    XL:     6   Next: 9%
Magic:  6/9        EV: 14    Int: 12    God:
Gold:   207        SH:  0    Dex: 15    Spells: 2 memorised, 6 levels left

rFire  . . .     SeeInvis .     q - +1 dagger (vamp)
rCold  . . .     Clarity  .     b - +0 leather armour
rNeg   . . .     SustAt   .     (no shield)
rPois  .         Gourm    .     (no helmet)
rElec  .         Spirit   .     (no cloak)
rCorr  +         Warding  .     h - +0 pair of gloves
rMut   .         Stasis   .     l - +0 pair of boots
MR     +....                    n - amulet of resist corrosion
Stlth  +.........               (no ring)
                                o - ring of protection from magic

@: infused, somewhat resistant to hostile enchantments, very unstealthy
A: change form in water, swift swim
a: no special abilities


You were on level 4 of the Dungeon.
You were not hungry.

You visited 1 branch of the dungeon, and saw 4 of its levels.

You collected 207 gold pieces.

Inventory:

Hand weapons
 a - a +0 falchion
 q - a +1 vampiric dagger (weapon)
Armour
 b - a +0 leather armour (worn)
 h - a +0 pair of gloves (worn)
 l - a +0 pair of boots (worn)
Jewellery
 n - an amulet of resist corrosion (around neck)
 o - a ring of protection from magic (left hand)
 u - an uncursed amulet of resist mutation
Scrolls
 j - a scroll of teleportation {unknown}
 k - 5 scrolls of identify
 m - a scroll of fog {unknown}
 r - a scroll of blinking {unknown}
 s - a scroll of amnesia {unknown}
 t - a scroll of fear {unknown}
Potions
 e - a potion of curing
 f - 2 potions of brilliance
 i - a potion of degeneration {unknown}
 p - 2 potions of magic {unknown}
 v - a potion of berserk rage {unknown}
Books
 c - a book of Battle

   Spells                             Type                      Level
   a - Infusion                       Charms                       1
   b - Shroud of Golubria             Charms/Translocation         2
   c - Song of Slaying                Charms                       2
   d - Spectral Weapon                Hexes/Charms                 3
   e - Regeneration                   Charms/Necromancy            3
Comestibles
 d - a slice of pizza
 g - a meat ration


   Skills:
 - Level 2.1 Fighting
 * Level 0.8(1.7) Short Blades
 - Level 2.1(2.2) Long Blades
 - Level 0.6 Armour
 - Level 5.4 Dodging
 - Level 2.0 Spellcasting
 - Level 5.4 Charms
 - Level 0.1 Translocations


You had 6 spell levels left.
You knew the following spells:

 Your Spells              Type           Power        Failure   Level  Hunger
a - Infusion              Chrm           ##....       4%          1    ##.....
b - Shroud of Golubria    Chrm/Tloc      #.........   21%         2    ###....


Dungeon Overview and Level Annotations

Branches:
Dungeon (4/15)
 Temple: D:4-7

Altars:
Nemelex Xobeh

Annotations:
D:4 Duvessa, Edmund


Message History

* * * LOW HITPOINT WARNING * * *
You hit Edmund but do no damage.
Edmund is moderately wounded.
You hit Edmund.
Edmund is moderately wounded.
Edmund hits you with a flail of protection.
* * * LOW HITPOINT WARNING * * *
You barely miss Edmund.
Edmund is moderately wounded.
Edmund barely misses you.
You hit Edmund but do no damage.
Edmund is moderately wounded.
Edmund hits you but does no damage.
You hit Edmund but do no damage.
Edmund is moderately wounded.
You barely miss Edmund.
Edmund is moderately wounded.
Edmund clears his throat.
Edmund hits you with a flail of protection.
You die... ##..# P.P.P.P ..... #P.P.P.P #...% #PPP.PPP . #P...... ######PPP.P.P ..........P.P # ######P.P.P.P ####### #P.P.P.P #.@@..# #PPP.PPP

#.###.######..#.###
#.# #...........#
#.# #..###...(#.#
### #..###..#.#.#
#..#........#
#@..........#
#..#........#
#..###...##.#


You could see Edmund.

Vanquished Creatures
  An orc priest (D:3)
  Jessica (D:3)
  A worker ant (D:3)
  4 gnolls
  4 adders
  An ooze (D:1)
  2 worms (D:3)
  4 giant geckos
  10 orcs (D:3)
  3 goblins
  6 hobgoblins
  2 quokkas
  3 bats
  9 giant cockroaches
  4 giant newts
  3 jackals (D:2)
  11 kobolds
  6 rats
75 creatures vanquished.

Notes
Turn   | Place    | Note
--------------------------------------------------------------
     0 | D:1      | Cowinatub the Merfolk Skald began the quest for the Orb.
     0 | D:1      | Reached XP level 1. HP: 16/16 MP: 3/3
   180 | D:1      | Reached XP level 2. HP: 22/22 MP: 5/5
   810 | D:1      | Reached XP level 3. HP: 17/27 MP: 6/6
   950 | D:2      | Reached skill level 4 in Dodging
  1392 | D:2      | Reached XP level 4. HP: 33/33 MP: 7/7
  2034 | D:2      | Learned a level 2 spell: Shroud of Golubria
  2465 | D:3      | Reached skill level 5 in Dodging
  2465 | D:3      | Reached XP level 5. HP: 19/38 MP: 8/8
  2602 | D:3      | Noticed Jessica
  2619 | D:3      | Killed Jessica
  2686 | D:3      | Found a sparkling altar of Nemelex Xobeh.
  2840 | D:3      | Reached skill level 5 in Charms
  3219 | D:4      | Noticed an ogre
  3742 | D:4      | Noticed Edmund
  3901 | D:4      | Reached XP level 6. HP: 16/44 MP: 9/9
  4248 | D:4      | Noticed Duvessa
  4444 | D:4      | Slain by Edmund

Vault maps used:
D:1:      dpeg_arrival_short_road
D:3:      nemelex_xobeh_ov_fountains_minmay, uniq_jessica
D:4:      nicolae_overflow_hidden_temple, led_sif_book, first_bread,
          minmay_hedge_maze, eino_tiny_chamber, uniq_edmund, uniq_duvessa

Action                   |  1- 3 |  4- 6 || total
-------------------------+-------+-------++-------
Melee: Falchion          |    90 |    58 ||   148
       Dagger            |       |   275 ||   275
 Cast: Shroud of Golubri |       |     2 ||     2
       Infusion          |       |     2 ||     2
  Use: Potion            |     3 |     2 ||     5
       Scroll            |       |     3 ||     3
 Stab: Sleeping          |     1 |     1 ||     2
  Eat: Chunk             |     2 |    10 ||    12
       Bread ration      |       |     1 ||     1
